 Dungeon Crawl Stone Soup version 0.32-a0-913-g739538afd8 (webtiles) character file.

Game seed: 14753881185581956213

106 Adrian566 the Sneak (level 5, -3/30 HPs)
             Began as a Kobold Brigand on Apr 9, 2024.
             Slain by Grinder (6 damage)
             ... on level 4 of the Dungeon.
             The game lasted 00:03:18 (3149 turns).

Adrian566 the Sneak (Kobold Brigand)                Turns: 3149, Time: 00:03:18

Health: -3/30      AC:  5    Str:  8    XL:     5   Next: 10%
Magic:  5/5        EV: 12    Int: 13    God:
Gold:   142        SH:  0    Dex: 18    Spells: 4/4 levels left

rFire   . . .        a - +2 dagger (drain)
rCold   . . .        (no shield)
rNeg    . . .        o - +0 leather armour
rPois   .            (no helmet)
rElec   .            c - +1 cloak
rCorr   .            (no gloves)
SInv    .            (no boots)
Will    .....        (no amulet)
Stlth   +++++        (no ring)
HPRegen 0.25/turn    (no ring)
MPRegen 0.09/turn

%: no passive effects
@: no status effects
A: small, no large weapons, nightstalker 3
a: no special abilities


You were on level 4 of the Dungeon.
You visited 1 branch of the dungeon, and saw 4 of its levels.

You collected 142 gold pieces.

Inventory:

Hand Weapons
 a - a +2 dagger of draining (weapon)
Missiles
 d - 12 poisoned darts (quivered)
 e - 3 curare-tipped darts
Armour
 b - a +0 robe
 c - a +1 cloak (worn)
 o - a +0 leather armour (worn)
 t - a +2 tower shield
Scrolls
 g - a scroll of enchant armour
Potions
 i - 2 potions of enlightenment
 k - a potion of cancellation


   Skills:
 + Level 2.3 Fighting
 + Level 3.4 Short Blades
 + Level 2.3 Throwing
 + Level 1.5 Dodging
 * Level 7.7 Stealth


You had 4 spell levels left.
You didn't know any spells.
Your spell library contained the following spells:

 Spells                   Type           Power      Damage    Failure   Level
 Frozen Ramparts          Ice            0%         1d1       80%         3
 Ozocubu's Armour         Ice            0%         N/A       80%         3
 Metabolic Englaciation   Hex/Ice        0%         N/A       100%        5


Dungeon Overview and Level Annotations

Branches:
Dungeon (4/15)
 Temple: D:4-7

Altars:
Trog
Wu Jian

Annotations:
D:3 prad's ghost, amateur FoHu
D:4 Grinder


Innate Abilities, Weirdness & Mutations

You are small and have problems with some larger weapons.
You are completely attuned to the shadows.


Message History

Grinder is lightly wounded.
Grinder hits you but does no damage.
You hit Grinder but do no damage.
Grinder is lightly wounded.
Grinder hits you!
You writhe in agony.
You are too injured to fight recklessly!
You are too injured to fight recklessly!
You are too injured to fight recklessly!
You are too injured to fight recklessly!
You are too injured to fight recklessly!
You are too injured to fight recklessly!
You are too injured to fight recklessly!
You are too injured to fight recklessly!
You are too injured to fight recklessly!
You are too injured to fight recklessly!
You are too injured to fight recklessly!
You are too injured to fight recklessly!
You are too injured to fight recklessly!
You are too injured to fight recklessly!
You are too injured to fight recklessly!
You are too injured to fight recklessly!
You are too injured to fight recklessly!
Unknown command.
You feel better. Grinder hits you.
You writhe in agony.
Okay, then.
Grinder says, "Mostly I couldn't keep them alive."
Grinder blinks!
Unknown command.
Unknown command.
Grinder hits you!
* * * LOW HITPOINT WARNING * * *
You hit Grinder but do no damage.
Grinder is lightly wounded.
Grinder blinks!
Grinder blinks!
Grinder hits you.
* * * LOW HITPOINT WARNING * * *
You writhe in agony.
You die...
Grinder sighs, "Dead already?
I want a refund."

#.# ... #.# #.###
##.#.##
########.ยง.<.####
.......@........+
####.<5......####
#.###.##..# #.#
#.###.# #.# #.#
#.# #.#


You could see Grinder.

Vanquished Creatures
  6 adders
  3 ribbon worms
  An orc (D:3)
  3 ball pythons
  2 endoplasms
  3 giant cockroaches (D:2)
  2 hobgoblins (D:2)
  4 jackals (D:3)
  4 kobolds
  A quokka (D:1)
  5 bats
  4 frilled lizards (D:1)
  6 goblins
  3 rats
47 creatures vanquished.

Notes
Turn   | Place    | Note
-------+----------+-------------------------------------------
     0 | D:1      | Adrian566 the Kobold Brigand began the quest for the Orb.
     0 | D:1      | Reached XP level 1. HP: 12/12 MP: 1/1
   241 | D:1      | Reached XP level 2. HP: 17/17 MP: 2/2
   305 | D:1      | Reached skill level 6 in Stealth
   772 | D:2      | Reached XP level 3. HP: 8/21 MP: 3/3
  1153 | D:2      | Reached skill level 7 in Stealth
  1451 | D:2      | Reached XP level 4. HP: 26/26 MP: 4/4
  2044 | D:3      | Found a bloodstained altar of Trog.
  2055 | D:3      | Found a transporter.
  2127 | D:3      | Reached XP level 5. HP: 30/30 MP: 5/5
  2209 | D:3      | Found a transporter.
  2379 | D:3      | Found an ornate altar of the Wu Jian Council.
  2405 | D:3      | Found a faded altar of an unknown god.
  2690 | D:3      | Noticed prad's ghost (amateur FoHu)
  3138 | D:4      | Noticed Grinder
  3149 | D:4      | Slain by Grinder

Illustrated notes

Levels and vault maps discovered:
D:1:      kennysheep_arrival_forest, layout_loops_ring, chequers_jeans
D:2:      layout_loops_ring
D:3:      layout_basic, general_overflow_altar, mainiacjoe_overflow_boulevard,
          gammafunk_ghost_arena, shapermc_ecumenical_altar_mp_urbaneastern
D:4:      layout_loops_corners, nicolae_qazlal_beasts_of_the_sky,
          serial_bayou_pond_c, roderic_malta_cross, uniq_grinder

Skill      XL: |  1  2  3  4 |
---------------+-------------+-----
Stealth        | 6 7 |  7.7
Short Blades   | 3 |  3.4
Fighting       | |  2.3
Throwing       | |  2.3
Dodging        | |  1.5

Action                     |  1- 3 |  4- 6 || total
---------------------------+-------+-------++-------
  Melee: Dagger            |    68 |    63 ||   131
  Throw: Dart              |     1 |       ||     1
    Use: Scroll            |       |    10 ||    10
         Potion            |       |     5 ||     5
   Stab: Sleeping          |    12 |     8 ||    20
         Distracted        |       |     1 ||     1
 Armour: Robe              |    16 |       ||    16
         Leather armour    |     4 |    44 ||    48
  Dodge: Dodged            |    38 |    57 ||    95

Table legend: (Time is in decaauts)
 A = Elapsed time spent in this place.
 B = Non-inter-level travel time spent in this place.
 C = Inter-level travel time spent in this place.
 D = Time resting spent in this place.
 E = Time spent auto-exploring this place.
 F = Levels seen in this place.
 G = Mean time per level.
                   A        B        C        D        E       F      G
               +--------+--------+--------+--------+--------+-----+--------+
         Total |   3115 |   2952 |    163 |    390 |   2186 |   4 |  778.8 |
       Dungeon |   3115 |   2952 |    163 |    390 |   2186 |   4 |  778.8 |
               +--------+--------+--------+--------+--------+-----+--------+

Top non-repeatable levels by time:
     D:3: 1362 daAuts
     D:2: 999 daAuts
     D:1: 735 daAuts
     D:4: 18 daAuts
